 Dungeon Crawl Stone Soup version 0.23.2-40-g277498a001 (webtiles) character file.

Game seed: 7072246863966594239

100 Hylith the Shield-Bearer (level 5, -1/42 HPs)
             Began as a Formicid Fighter on Sept 14, 2019.
             Was a Follower of Makhleb.
             Killed by divine providence
             ... invoked by an orc priest
              (12 damage)
             ... on level 3 of the Dungeon.
             The game lasted 00:07:06 (2155 turns).

Hylith the Shield-Bearer (Formicid Fighter)         Turns: 2155, Time: 00:07:06

Health: -1/42      AC:  9    Str: 31    XL:     5   Next: 3%
Magic:  5/5        EV:  7    Int:  7    God:    Makhleb [*.....]
Gold:   127        SH: 10    Dex: 10    Spells: 4/4 levels left

rFire    . . .     SeeInvis +   a - +0 war axe
rCold    . . .     Gourm    .   c - +0 shield
rNeg     . . .     Faith    .   q - +0 chain mail (curse)
rPois    .         Spirit   .   (helmet unavailable)
rElec    .         Reflect  .   (no cloak)
rCorr    .         Harm     .   (no gloves)
MR       .....                  (no boots)
Stlth    ..........             (no amulet)
HPRegen  0.14/turn              k - +4 ring of strength
MPRegen  0.09/turn              (no ring)

@: mighty
A: permanent stasis, dig shafts and tunnels, four strong arms, antennae 3
a: Dig, Shaft Self, Renounce Religion


You were on level 3 of the Dungeon.
You worshipped Makhleb.
Makhleb was aware of your devotion.
You were not hungry.

You visited 1 branch of the dungeon, and saw 3 of its levels.

You collected 127 gold pieces.

Inventory:

Hand Weapons
 a - a +0 war axe (weapon)
Armour
 c - a +0 shield (worn)
 q - a cursed +0 chain mail (worn)
Jewellery
 k - a +4 ring of strength (left hand)
Scrolls
 e - a scroll of teleportation {unknown}
 h - 10 scrolls of identify {unknown}
 j - 2 scrolls of enchant weapon {unknown}
 l - a scroll of enchant armour {unknown}
 o - a scroll of magic mapping {unknown}
Potions
 b - a potion of berserk rage {unknown}
 i - a potion of mutation {unknown}
 m - a potion of curing {unknown}
 n - a potion of heal wounds {unknown}
Comestibles
 f - 8 rations
 g - 5 chunks of flesh


   Skills:
 + Level 3.8 Fighting
 * Level 3.1 Axes
 + Level 3.9 Armour
 * Level 4.7 Shields


You had 4 spell levels left.
You didn't know any spells.
Your spell library was empty.

Dungeon Overview and Level Annotations

Branches:
Dungeon (3/15)

Altars:
Ashenzari
Dithmenos
Gozag
Kikubaaqudgha
Makhleb
Okawaru
Sif Muna
Xom


Innate Abilities, Weirdness & Mutations

You cannot be hasted, slowed, berserked, paralysed or teleported.
You can dig through walls and to a lower floor.
Your four strong arms can wield two-handed weapons with a shield.
You have a pair of large antennae on your head. (SInv)


Message History

You are too injured to fight recklessly!
You are too injured to fight recklessly!
You are too injured to fight recklessly!
You are too injured to fight recklessly!
You are too injured to fight recklessly!
You are too injured to fight recklessly!
You are too injured to fight recklessly!
You are too injured to fight recklessly!
You are too injured to fight recklessly!
You feel very mighty all of a sudden. The orc hits you but does no damage.
The orc priest hits you but does no damage.
You closely miss the orc priest.
The orc priest is almost dead.
You slash the orc!
You kill the orc!
Makhleb accepts your kill.
The orc priest mumbles some strange prayers to Beogh against you.
Beogh smites you!
You die...

.. .# .# ## ....# .#..#
########### ...
#####.........###<##.##
................@o....#
(.....#######.###.###.#
##(.....# #.# $#
#(.....# #.# ..
#..†...# #.######
#÷)....# #.....#
##......# #####.#
........# ### #...#
........###.###.#####.


You could see an orc priest.

Vanquished Creatures
  An adder (D:2)
  An ooze (D:2)
  5 worms
  3 dart slugs
  A leopard gecko (D:2)
  2 orcs (D:3)
  4 ball pythons
  3 bats
  2 giant cockroaches (D:3)
  7 goblins
  6 hobgoblins
  2 quokkas
  6 frilled lizards
  11 kobolds
  14 rats
68 creatures vanquished.

Notes
Turn   | Place    | Note
-------+----------+-------------------------------------------
     0 | D:1      | Hylith the Formicid Fighter began the quest for the Orb.
     0 | D:1      | Reached XP level 1. HP: 18/18 MP: 1/1
    88 | D:1      | Reached XP level 2. HP: 19/24 MP: 2/2
   415 | D:1      | Reached skill level 4 in Shields
   498 | D:1      | Found a deep blue altar of Sif Muna.
   500 | D:1      | Found a shattered altar of Ashenzari.
   500 | D:1      | Found a shadowy altar of Dithmenos.
   506 | D:1      | Found a hazy altar of Hepliaklqana.
   506 | D:1      | Found an iron altar of Okawaru.
   506 | D:1      | Found a shimmering altar of Xom.
   647 | D:2      | Reached XP level 3. HP: 29/29 MP: 3/3
   660 | D:2      | Found a deep blue altar of Sif Muna.
   661 | D:2      | Found an opulent altar of Gozag.
   661 | D:2      | Found an iron altar of Okawaru.
   678 | D:2      | Found a burning altar of Makhleb.
   682 | D:2      | Found an ancient bone altar of Kikubaaqudgha.
   696 | D:2      | Became a worshipper of Makhleb the Destroyer
   824 | D:2      | Reached XP level 4. HP: 11/36 MP: 4/4
  1403 | D:2      | Found a shattered altar of Ashenzari.
  1915 | D:3      | Reached * piety under Makhleb
  2151 | D:3      | Reached XP level 5. HP: 42/42 MP: 5/5
  2155 | D:3      | Killed from afar by an orc priest

Skill      XL: |  1  2  3  4 |
---------------+-------------+-----
Shields        | 4 |  4.7
Axes           | 3 |  3.1
Fighting       | |  3.8
Armour         | |  3.9

Action                   |  1- 3 |  4- 6 || total
-------------------------+-------+-------++-------
Melee: War axe           |   103 |   102 ||   205
  Use: Potion            |       |     1 ||     1
  Eat: Chunk             |       |     4 ||     4
Armor: Scale mail        |    43 |    41 ||    84
       Chain mail        |       |     9 ||     9
Dodge: Dodged            |    23 |    27 ||    50
Block: Shield            |    48 |    66 ||   114
